 Dungeon Crawl Stone Soup version 0.14-a0-2443-g5aee772 (webtiles) character file.

175 Kae the Sneak (level 4, 5/21 HPs)
             Began as a Spriggan Enchanter on Feb 6, 2014.
             Quit the game on Level 2 of the Dungeon on Feb 8, 2014.
             The game lasted 00:06:15 (2361 turns).

Kae the Sneak (Spriggan Enchanter)                  Turns: 2361, Time: 00:06:15

HP   5/21        AC  4     Str  5      XL: 4   Next: 87%
MP   8/14        EV 18     Int 16      God:
Gold 47          SH  0     Dex 16      Spells:  3 memorised,  4 levels left

rFire  + . .     SeeInvis +     a - +1 dagger
rCold  + . .     Clarity  .     j - +2 robe {rC+ rF+}
rNeg   . . .     Conserve .     (shield restricted)
rPois  .         rCorr    .     (helmet restricted)
rElec  .         rRot     .     (no cloak)
SustAb . .       Spirit   .     (gloves unavailable)
rMut   .         Warding  .     (boots unavailable)
Saprov . . .     Stasis   .     (no amulet)
MR     .....                    (no ring)
                                (no ring)

@: very quick, not resistant to hostile enchantments, quite stealthy
A: unfitting armour, see invisible, herbivore 3, speed 3, slow metabolism 2
a: no special abilities


You were on level 2 of the Dungeon.
You were full.

You visited 1 branch of the dungeon, and saw 2 of its levels.

You collected 47 gold pieces.

Inventory:

Hand weapons
 a - a +1,+1 dagger (weapon)
Missiles
 d - 46 darts (quivered)
Armour
 j - a +2 robe of resistance (worn)
Comestibles
 b - 9 strawberries
Scrolls
 g - a scroll of random uselessness {unknown}
 h - a scroll of enchant armour {unknown}
Potions
 f - a potion of curing
Books
 c - a book of Maledictions

   Spells                             Type                      Level
   *Corona                            Hexes                        1
   Sure Blade                         Hexes/Charms                 2
   *Ensorcelled Hibernation           Hexes/Ice                    2
   *Confuse                           Hexes                        3
   Enslavement                        Hexes                        4
   Invisibility                       Hexes                        6


   Skills:
 * Level 3.1 Short Blades
 - Level 1.1 Throwing
 - Level 3.0 Dodging
 * Level 5.6 Stealth
 + Level 3.5 Spellcasting
 + Level 3.9 Hexes


You had 4 spell levels left.
You knew the following spells:

 Your Spells              Type           Power        Failure   Level  Hunger
a - Corona                Hex            ###....      4%          1    None
b - Ensorcelled Hibernat  Hex/Ice        #.....       14%         2    ##.....
c - Confuse               Hex            ###.....     12%         3    ###....


Dungeon Overview and Level Annotations

Branches:
Dungeon (2/16)

Altars:


Innate Abilities, Weirdness & Mutations

You are tiny and cannot use many weapons and most armour.
You have supernaturally acute eyesight.
You are a herbivore.
You cover ground extremely quickly.
You need consume almost no food.


Message History

You are too injured to fight recklessly!
You are too injured to fight recklessly!
You are too injured to fight recklessly!
You are too injured to fight recklessly!
You are too injured to fight recklessly!
You are too injured to fight recklessly!
You are too injured to fight recklessly!
You are too injured to fight recklessly!
You are too injured to fight recklessly!
The bat hits you. The hobgoblin hits you with a club.
* * * LOW HITPOINT WARNING * * *
The bat misses you. The bat misses you.
Unknown command.
Unknown command.
Unknown command.
Welcome back, Kae the Spriggan Enchanter.
Press ? for a list of commands and other information.
Are you sure you want to abandon this character and quit the game? (Confirm with "yes".)

##. #.....## #..
#..#### #.# ##.# #.#
#.# #.# #.# #.# #.# #
#.# #.#
##...####.##########.#
.?........gb@).......#
........############.#
....... #.# ......#
#.# #...## #.# ... #.#
. #.# #.# .


You could see a hobgoblin and a bat.

Vanquished Creatures
  Jessica (D:1)
  3 adders (D:2)
  4 gnolls (D:2)
  2 oozes (D:1)
  6 bats (D:1)
  4 giant cockroaches (D:1)
  5 goblins
  4 hobgoblins (D:1)
  6 kobolds (D:1)
  2 ball pythons (D:1)
  2 giant geckos (D:1)
  2 giant newts (D:1)
  6 rats (D:1)
47 creatures vanquished.

Notes
Turn   | Place    | Note
--------------------------------------------------------------
     0 | D:1      | Kae, the Spriggan Enchanter, began the quest for the Orb.
     0 | D:1      | Reached XP level 1. HP: 9/9 MP: 4/4
   578 | D:1      | Reached XP level 2. HP: 10/13 MP: 7/7
   587 | D:1      | Learned a level 2 spell: Ensorcelled Hibernation
   748 | D:1      | Reached skill level 4 in Stealth
  1038 | D:1      | Reached XP level 3. HP: 9/16 MP: 7/10
  1043 | D:1      | Learned a level 3 spell: Confuse
  1731 | D:2      | Noticed Jessica
  1737 | D:2      | Reached skill level 5 in Stealth
  1737 | D:2      | Reached XP level 4. HP: 18/21 MP: 4/13
  2286 | D:1      | Killed Jessica
  2361 | D:2      | Quit the game

Action                   |  1- 3 |  4- 6 || total
-------------------------+-------+-------++-------
Melee: Dagger            |   125 |    60 ||   185
 Cast: Corona            |     2 |       ||     2
       Ensorcelled Hiber |    16 |    21 ||    37
  Use: Potion            |       |     2 ||     2
 Stab: Sleeping          |    12 |     5 ||    17
       Distracted        |     1 |       ||     1
